 Dungeon Crawl Stone Soup version 0.28.0 (webtiles) character file.

Game seed: 16932408573409757121

111 bromine the Chopper (level 4, -6/40 HPs)
             Began as a Draconian Berserker on Feb 11, 2022.
             Was a Believer of Trog.
             Mangled by a gnoll (11 damage)
             ... on level 3 of the Dungeon.
             The game lasted 00:09:00 (1790 turns).

bromine the Chopper (Draconian Berserker)           Turns: 1790, Time: 00:09:02

Health: -6/40      AC:  5    Str: 19    XL:     4   Next: 62%
Magic:  0/4        EV: 13    Int:  7    God:    Trog [**....]
Gold:   80         SH:  0    Dex: 13    Spells: 3/3 levels left

rFire   . . .      SeeInvis .   a - +0 hand axe
rCold   . . .      Faith    .   i - orb {*Rage}
rNeg    . . .      Spirit   +   (armour unavailable)
rPois   .          Reflect  .   (helmet restricted)
rElec   .          Harm     .   (no cloak)
rCorr   .          Rampage  .   (no gloves)
Will    .....      Rage     20% (no boots)
Stlth   +.........              e - amulet of guardian spirit
HPRegen 0.13/turn               c - ring of flight
MPRegen 0.09/turn               (no ring)

@: on berserk cooldown, flying, slowed, very slow
A: AC +5, unfitting armour, cold-blooded
a: Renounce Religion, Berserk, Trog's Hand


You were on level 3 of the Dungeon.
You worshipped Trog.
Trog was pleased with you.
You visited 1 branch of the dungeon, and saw 3 of its levels.

You collected 80 gold pieces.

Inventory:

Hand Weapons
 a - a +0 hand axe (weapon)
 l - a +0 spear
 p - a +0 halberd
Armour
 h - a +0 chain mail
 i - an orb of wrath (worn)
Jewellery
 c - a ring of flight (left hand)
 e - an amulet of guardian spirit (around neck)
Scrolls
 d - 2 scrolls of immolation {unknown}
 j - a scroll of torment {unknown}
 k - a scroll of identify {unknown}
 m - a scroll of enchant armour {unknown}
 n - a scroll of teleportation {unknown}
 o - a scroll of brand weapon {unknown}
 q - a scroll of acquirement {unknown}
Potions
 b - 3 potions of heal wounds {unknown}
 f - a potion of haste {unknown}
 g - a potion of curing {unknown}


   Skills:
 + Level 4.0 Fighting
 + Level 4.2 Axes
 + Level 3.5 Dodging
 + Level 0.1 Stealth


You had 3 spell levels left.
You didn't know any spells.
Your spell library was empty.

Dungeon Overview and Level Annotations

Branches:
Dungeon (3/15)

Altars:


Innate Abilities, Weirdness & Mutations

Your plain brown scales are hard. (AC +5)
You cannot fit into any form of body armour.
You are cold-blooded and may be slowed by cold attacks.


Message History

You shred the net and break free!
A gnoll comes into view. It is wielding a +0 halberd.
The gnoll hits you with a +0 whip.
The gnoll shouts!
You hit the gnoll.
The gnoll is heavily wounded.
A gnoll comes into view. It is wielding a +0 whip.
The gnoll misses you.
You hit the gnoll.
The gnoll is severely wounded.
The gnoll hits you with a +0 whip. x2
You hit the gnoll.
You kill the gnoll!
Trog accepts your kill. The gnoll hits you but does no damage.
You slash the gnoll!
The gnoll is heavily wounded.
The gnoll throws a throwing net.
The throwing net barely misses you. The gnoll barely misses you.
The gnoll misses you. The gnoll hits you with a +0 whip.
The gnoll barely misses you.
Things that are here:
a +0 whip; a throwing net You closely miss the gnoll.
You tail-slap the gnoll.
The gnoll is lightly wounded.
You hit the gnoll. The gnoll hits you with a +0 whip! The gnoll misses you.
The gnoll closely misses you. The gnoll hits you with a +0 halberd!
* * * LOW HITPOINT WARNING * * *
You hit the gnoll.
Your tail-slap misses the gnoll.
The gnoll is moderately wounded.
You hit the gnoll. The gnoll hits you with a +0 whip.
* * * LOW HITPOINT WARNING * * *
The gnoll closely misses you. The gnoll misses you.
You hit the gnoll.
The gnoll is heavily wounded.
You hit the gnoll.
You kill the gnoll!
Trog accepts your kill. The gnoll closely misses you.
The gnoll hits you with a +0 halberd!
You die...

........####+ ### ...+
............. .... ...#
............<#..# ...#
....(...... ...## ...#
......... ...... ...#
......####....##
...#########..))........
..........(...))@g....#
..............####....#
...######.#...# ...#
...# #.#....... ..# ####
#.##...### ... #.##.....
## ######.### .. .##


You could see a gnoll.

Vanquished Creatures
  6 gnolls
  A worm (D:2)
  2 dart slugs (D:1)
  4 ball pythons (D:1)
  3 bats
  4 endoplasms
  2 giant cockroaches
  4 goblins
  2 hobgoblins (D:1)
  12 jackals
  5 kobolds
  A quokka (D:1)
  2 frilled lizards (D:1)
  4 rats
52 creatures vanquished.

Vanquished Creatures (others)
  A withered plant (D:2)
1 creature vanquished.

Grand Total: 53 creatures vanquished

Notes
Turn   | Place    | Note
-------+----------+-------------------------------------------
     0 | D:1      | bromine the Draconian Berserker began the quest for the
                  | Orb.
     0 | D:1      | Reached XP level 1. HP: 19/19 MP: 1/1
   106 | D:1      | Reached XP level 2. HP: 26/26 MP: 2/2
   470 | D:1      | Reached XP level 3. HP: 23/31 MP: 1/3
   565 | D:1      | Reached ** piety under Trog
  1064 | D:2      | Found a faded altar of an unknown god.
  1081 | D:2      | Reached XP level 4. HP: 23/40 MP: 0/4
  1790 | D:3      | Mangled by a gnoll

Illustrated notes

Levels and vault maps discovered:
D:1:      dpeg_arrival_castle, layout_basic
D:2:      layout_basic, ebering_ecumenical_altar_petrified
D:3:      cheibrodos_fertilizer, layout_basic,
          mainiacjoe_overflow_small_starburst

Skill      XL: |  1  2  3  4 |
---------------+-------------+-----
Dodging        | 3 |  3.5
Axes           | 4 |  4.2
Fighting       | 4 |  4.0
Stealth        | |  0.1

Action                   |  1- 3 |  4- 6 || total
-------------------------+-------+-------++-------
Melee: Hand axe          |    76 |    29 ||   105
       Tailslap          |     8 |     1 ||     9
Invok: Berserk           |     3 |       ||     3
Armor: Skin              |    48 |     7 ||    55
Dodge: Dodged            |   115 |    24 ||   139
